 Dungeon Crawl Stone Soup version 0.23.0 (webtiles) character file.

Game seed: 8329502970314347071

29264 kaze the Blocker (level 13, -4/116 HPs)
             Began as a Hill Orc Fighter on Feb 11, 2019.
             Was the Champion of Okawaru.
             Slain by Rupert
             ... wielding a +2 battleaxe of chopping
              (26 damage)
             ... on level 5 of the Lair of Beasts.
             The game lasted 00:34:26 (14050 turns).

kaze the Blocker (Hill Orc Fighter)                Turns: 14050, Time: 00:34:27

Health: -4/116     AC: 25    Str: 28    XL:     13   Next: 44%
Magic:  0/13       EV:  8    Int: 12    God:    Okawaru [******]
Gold:   1196       SH: 13    Dex:  6    Spells: 12/12 levels left

rFire    . . .     SeeInvis .   j - +7 flail of Biutax {venom, *Drain Str+4}
rCold    . . .     Gourm    .   c - +0 shield
rNeg     . . .     Faith    +   w - +0 plate armour
rPois    +         Spirit   +   q - +1 helmet
rElec    +         Reflect  .   A - scarf {Spirit}
rCorr    .         Harm     .   D - +0 pair of gloves of the Saviour {rElec rPois Int+4 Dex-4}
MR       .....                  t - +0 pair of boots
Stlth    ..........             y - amulet of faith
HPRegen  0.29/turn              K - +2 ring of protection
MPRegen  0.13/turn              v - +3 ring of protection

@: lethally poisoned (-4 -> -4)
A: no striking features
a: Heroism, Finesse, Renounce Religion


You were on level 5 of the Lair of Beasts.
You worshipped Okawaru.
Okawaru was exalted by your worship.
You were not hungry.

You visited 2 branches of the dungeon, and saw 15 of its levels.

You collected 1196 gold pieces.

Inventory:

Hand Weapons
 j - the +7 flail of Biutax (weapon) {venom, *Drain Str+4}
   (You took it off a gnoll on level 6 of the Dungeon)

   It poisons the flesh of those it strikes.
   It affects your strength (+4).
   It causes draining when unequipped.
Missiles
 I - a tomahawk (quivered)
Armour
 c - a +0 shield (worn)
 q - a +1 helmet (worn)
 t - a +0 pair of boots (worn)
 w - a +0 plate armour (worn)
 A - a scarf of spirit shield (worn)
 D - the +0 pair of gloves of the Saviour (worn) {rElec rPois Int+4 Dex-4}
   (You found it on level 2 of the Lair of Beasts)

   It affects your intelligence (+4).
   It affects your dexterity (-4).
   It insulates you from electricity.
   It protects you from poison.
Jewellery
 o - an uncursed ring of resist corrosion
 v - a +3 ring of protection (right hand)
 y - an amulet of faith (around neck)
 B - a +4 ring of dexterity
 G - an uncursed ring of fire
 K - a +2 ring of protection (left hand)
Wands
 i - a wand of iceblast (17)
 p - a wand of polymorph (19)
 r - a wand of flame (53)
 s - a wand of digging (2)
 x - a wand of paralysis (9)
 L - a wand of disintegration (11)
Scrolls
 l - 7 scrolls of remove curse
 m - 5 scrolls of teleportation
 n - 8 scrolls of magic mapping
 u - 3 scrolls of fear
 H - a scroll of amnesia
 N - a scroll of enchant weapon {unknown}
Potions
 a - 2 potions of mutation
 b - a potion of brilliance
 d - 3 potions of might
 e - 3 potions of curing
 g - 6 potions of lignification
 h - a potion of berserk rage
 k - a potion of invisibility
 z - a potion of agility
 C - a potion of haste
 E - a potion of magic {unknown}
 F - a potion of cancellation {unknown}
 J - a potion of ambrosia {unknown}
 M - a potion of heal wounds
 Q - a potion of degeneration {unknown}
Comestibles
 f - 23 rations


   Skills:
 + Level 11.4 Fighting
   Level 9.9(13.0) Axes
 + Level 11.8(12.7) Maces & Flails
 + Level 2.1 Throwing
 + Level 11.7 Armour
 + Level 2.1 Dodging
 + Level 1.2 Stealth
 + Level 12.5 Shields
 + Level 0.2 Invocations


You had 12 spell levels left.
You didn't know any spells.
Your spell library contained the following spells:

 Spells                   Type           Power        Failure   Level  Hunger
 Magic Dart               Conj           #...         98%         1    ##.....
 Shock                    Conj/Air       #...         98%         1    ##.....
 Blink                    Tloc           N/A          99%         2    ###....
 Call Imp                 Summ           #.......     99%         2    ###....
 Slow                     Hex            #.......     99%         2    ###....
 Swiftness                Chrm/Air       #.......     99%         2    ###....
 Conjure Flame            Conj/Fire      #.......     100%        3    ####...
 Mephitic Cloud           Conj/Pois/Air  #.......     100%        3    ####...
 Static Discharge         Conj/Air       #.......     100%        3    ####...
 Airstrike                Air            #.........   100%        4    #####..
 Lightning Bolt           Conj/Air       #.........   100%        5    ######.


Dungeon Overview and Level Annotations

Branches:
Dungeon (10/15)            Temple (0/1) D:4            Lair (5/6) D:10
 Shoals (0/4) Lair:2       Spider (0/4) Lair:2        Slime (0/5) Lair:5
    Orc (0/2) D:9

Altars:
Elyvilon
Fedhas
Kikubaaqudgha
Okawaru
Qazlal
Ru
Vehumet
Wu Jian
Xom
Yredelemnul
Jiyva

Annotations:
Lair:5 Rupert


Message History

You feel sick.
Rupert hits you with a +2 battleaxe of chopping!!
You are too injured to fight recklessly!
You are too injured to fight recklessly!
You are too injured to fight recklessly!
You sock Rupert!
Rupert looks as sick as possible!
Rupert is moderately wounded.
Rupert hits you with a +2 battleaxe of chopping.
You hit Rupert but do no damage.
Rupert is moderately wounded.
You feel sick. You block Rupert's attack.
You hit Rupert but do no damage.
Rupert is moderately wounded.
Rupert hits you with a +2 battleaxe of chopping!
* * * LOW HITPOINT WARNING * * *
x2 You hit Rupert but do no damage.
Rupert is heavily wounded.
You feel sick.
Rupert hits you with a +2 battleaxe of chopping!!
You die...

......... ............##
...................†....#
........................#
#......................##
.....P..................#
....P#.#...............##
..#### . ..............#
### ..............# #
......@@...####
..........## ........###
.......## .....## #...# #
#... # ### #


You could see Rupert (berserk).

Vanquished Creatures
  The ghost of Rhok the Severer, a journeyman HuGl of Ru (Lair:5)
  2 hydras
  Harold (D:10)
  A catoblepas (Lair:2)
  A dancing weapon (Lair:5)
  3 two-headed ogres
  Pikel (D:7)
  2 oklob plants (D:10)
  A necromancer (Lair:3)
  5 black mambas
  5 elephants (Lair:3)
  Joseph (D:8)
  Maurice (D:10)
  4 spiny frogs
  A gargoyle (D:10)
  A torpor snail (Lair:2)
  2 rime drakes
  3 komodo dragons
  2 polar bears
  A tyrant leech (Lair:4)
  6 hippogriffs
  Grinder (D:5)
  10 blink frogs
  2 dream sheep (D:8)
  A wraith (D:10)
  A wyvern (Lair:5)
  13 yaks
  Grum (D:9)
  A basilisk (Lair:3)
  A swamp worm (Lair:4)
  14 porcupines
  3 water moccasins
  Duvessa (D:5)
  An ice beast (D:9)
  5 orc warriors
  A phantom (D:6)
  2 elephant zombies (Lair:3)
  5 ogres
  17 wolves
  3 centaurs
  7 crocodiles
  3 big kobolds (D:8)
  6 bullfrogs
  Dowan (D:5)
  3 scorpions
  A killer bee (D:7)
  5 electric eels
  4 crimson imps
  4 jellies
  A quasit (D:8)
  A basilisk zombie (Lair:3)
  2 bullfrog zombies
  A centaur zombie (D:10)
  8 orc priests
  4 hounds
  11 orc wizards
  A bullfrog skeleton (D:6)
  2 iguanas
  8 worker ants
  A crocodile zombie (Lair:3)
  3 hound skeletons
  A howler monkey zombie (D:6)
  A howler monkey skeleton (D:10)
  8 gnolls
  8 adders
  A shadow imp (D:7)
  A white imp (D:9)
  4 oozes
  An adder skeleton (D:6)
  2 adder zombies
  4 worms
  5 dart slugs
  3 leopard geckos
  30 orcs
  7 bats
  A bat zombie (D:9)
  A giant cockroach (D:1)
  7 goblins
  6 hobgoblins
  9 kobolds
  3 quokkas
  5 frilled lizards
  A jackal skeleton (D:6)
  A leopard gecko zombie (D:5)
  4 rats
  4 rat zombies (D:9)
  11 plants (D:10)
334 creatures vanquished.

Vanquished Creatures (others)
  A sky beast (D:7)
  A slave (D:7)
  2 killer bees (D:7)
  2 fungi
  13 plants
19 creatures vanquished.

Grand Total: 353 creatures vanquished

Notes
Turn   | Place    | Note
-------+----------+-------------------------------------------
     0 | D:1      | kaze the Hill Orc Fighter began the quest for the Orb.
     0 | D:1      | Reached XP level 1. HP: 19/19 MP: 1/1
   106 | D:1      | Reached XP level 2. HP: 27/27 MP: 2/2
   297 | D:1      | Reached XP level 3. HP: 33/33 MP: 3/3
   727 | D:2      | Found a stormy altar of Qazlal.
   934 | D:2      | Found a radiant altar of Vehumet.
   935 | D:2      | Found an iron altar of Okawaru.
  1036 | D:2      | Became a worshipper of Warmaster Okawaru
  1082 | D:3      | Reached skill level 4 in Shields
  1082 | D:3      | Reached XP level 4. HP: 40/41 MP: 4/4
  1107 | D:3      | Reached XP level 5. HP: 20/47 MP: 5/5
  1378 | D:3      | Found a white marble altar of Elyvilon.
  1638 | D:3      | Reached skill level 5 in Axes
  2049 | D:4      | Noticed an ogre
  2060 | D:4      | Killed an ogre
  2060 | D:4      | Reached * piety under Okawaru
  2060 | D:4      | Reached XP level 6. HP: 41/55 MP: 6/6
  2572 | D:4      | Found a staircase to the Ecumenical Temple.
  2596 | D:4      | Reached skill level 5 in Fighting
  2782 | D:4      | Found an ornate altar of the Wu Jian Council.
  2984 | D:5      | Entered Level 5 of the Dungeon
  3004 | D:5      | Reached skill level 5 in Shields
  3004 | D:5      | Reached XP level 7. HP: 60/61 MP: 7/7
  3020 | D:5      | Noticed a two-headed ogre
  3032 | D:5      | Killed a two-headed ogre
  3032 | D:5      | Reached ** piety under Okawaru
  3032 | D:5      | Reached skill level 5 in Armour
  3032 | D:5      | Reached skill level 1 in Dodging
  3032 | D:5      | Reached XP level 8. HP: 49/70 MP: 8/8
  3090 | D:5      | Noticed Grinder
  3120 | D:5      | Killed Grinder
  3120 | D:5      | Reached skill level 6 in Shields
  3634 | D:5      | Noticed Dowan
  3635 | D:5      | Noticed Duvessa
  3655 | D:5      | Killed Duvessa
  3671 | D:5      | Killed Dowan
  3869 | D:5      | Reached XP level 9. HP: 78/78 MP: 9/9
  4128 | D:6      | Reached *** piety under Okawaru
  4232 | D:6      | Reached skill level 7 in Shields
  4348 | D:6      | Found a sacrificial altar of Ru.
  4354 | D:6      | Found a basalt altar of Yredelemnul.
  4360 | D:6      | Identified the +7 flail of Biutax {venom, *Drain Str+4}
  4833 | D:7      | Noticed Pikel
  4845 | D:7      | Killed Pikel
  4845 | D:7      | Reached **** piety under Okawaru
  4845 | D:7      | Reached skill level 1 in Maces & Flails
  5747 | D:7      | Reached XP level 10. HP: 86/88 MP: 10/10
  6044 | D:8      | Reached skill level 8 in Shields
  6093 | D:8      | Reached skill level 5 in Maces & Flails
  6321 | D:8      | Noticed a three-headed hydra
  6329 | D:8      | Killed a three-headed hydra
  6329 | D:8      | Reached ***** piety under Okawaru
  6571 | D:8      | Noticed Joseph
  6576 | D:8      | Paralysed by Joseph for 3 turns
  6585 | D:8      | Killed Joseph
  7249 | D:9      | Received a gift from Okawaru
  7403 | D:9      | Noticed Grum
  7418 | D:9      | Reached skill level 9 in Shields
  7424 | D:9      | Killed Grum
  7575 | D:9      | Got a colourful robe
  7577 | D:9      | Found a blossoming altar of Fedhas.
  7636 | D:9      | Identified the +1 robe of Duty {Slay+3} (You found it on
                  | level 9 of the Dungeon)
  7681 | D:9      | Found a staircase to the Orcish Mines.
  7726 | D:9      | Reached XP level 11. HP: 95/95 MP: 11/11
  7766 | D:9      | Found an ancient bone altar of Kikubaaqudgha.
  7895 | D:10     | Entered Level 10 of the Dungeon
  7920 | D:10     | Noticed Maurice
  7973 | D:10     | Killed Maurice
  8141 | D:10     | Noticed a two-headed ogre
  8151 | D:10     | Killed a two-headed ogre
  8189 | D:10     | Noticed a two-headed ogre
  8198 | D:10     | Killed a two-headed ogre
  8198 | D:10     | Reached skill level 10 in Shields
  8241 | D:10     | Reached skill level 1 in Stealth
  8598 | D:10     | Noticed Harold
  8610 | D:10     | Killed Harold
  8610 | D:10     | Received a gift from Okawaru
  8638 | D:10     | Found a staircase to the Lair.
  8638 | D:10     | Noticed an oklob plant
  8639 | D:10     | Noticed an oklob plant
  8655 | D:10     | Killed an oklob plant
  8655 | D:10     | Received a gift from Okawaru
  8684 | D:10     | Killed an oklob plant
  8834 | Lair:1   | Entered Level 1 of the Lair of Beasts
  9489 | Lair:1   | Received a gift from Okawaru
  9761 | Lair:2   | Reached skill level 10 in Armour
  9786 | Lair:2   | Noticed a catoblepas
  9802 | Lair:2   | Killed a catoblepas
  9802 | Lair:2   | Reached ****** piety under Okawaru
  9802 | Lair:2   | Reached skill level 10 in Fighting
  9802 | Lair:2   | Reached XP level 12. HP: 74/106 MP: 12/12
  9866 | Lair:2   | Reached skill level 1 in Throwing
  9881 | Lair:2   | Got a pair of encrusted gloves
  9887 | Lair:2   | Identified the +0 pair of gloves of the Saviour {rElec
                  | rPois Int+4 Dex-4} (You found it on level 2 of the Lair of
                  | Beasts)
  9909 | Lair:2   | Found a hole to the Spider Nest.
 10052 | Lair:2   | Found a staircase to the Shoals.
 10066 | Lair:2   | Reached skill level 10 in Maces & Flails
 10220 | Lair:2   | Received a gift from Okawaru
 10432 | Lair:2   | Reached skill level 11 in Shields
 10779 | Lair:3   | Got a smoking robe
 10792 | Lair:3   | Identified the +1 robe of Liberty {Dex+3} (You found it on
                  | level 3 of the Lair of Beasts)
 10832 | Lair:3   | Received a gift from Okawaru
 11323 | Lair:3   | Identified a scroll of acquirement
 11443 | Lair:3   | Noticed a seven-headed hydra
 11457 | Lair:3   | Killed a seven-headed hydra
 11775 | Lair:3   | Reached skill level 12 in Shields
 11775 | Lair:3   | Reached XP level 13. HP: 49/115 MP: 4/13
 13225 | Lair:5   | Found a runed translucent door.
 13226 | Lair:5   | Found a shimmering altar of Xom.
 13226 | Lair:5   | Noticed Rhok's ghost (journeyman HuGl)
 13274 | Lair:5   | Received a gift from Okawaru
 13279 | Lair:5   | Got a twisted hand crossbow {god gift}
 13308 | Lair:5   | Paralysed by a +2 scimitar of chaos for 4 turns
 13332 | Lair:5   | Killed Rhok's ghost
 13697 | Lair:5   | Found a runed translucent door.
 13701 | Lair:5   | Found a viscous altar of Jiyva.
 13702 | Lair:5   | Found a staircase to the Slime Pits.
 14037 | Lair:5   | Noticed Rupert
 14050 | Lair:5   | Slain by Rupert

Skill      XL: |  1  2  3  4  5  6  7  8  9 10 11 12 13 |
---------------+----------------------------------------+-----
Fighting       | 4 5 6 7 8 10 11 | 11.4
Axes           | 3 4 5 6 7 8 9 |  9.9
Shields        | 4 5 6 7 9 10 12 | 12.5
Armour         | 4 5 6 7 8 10 11 | 11.7
Dodging        | 1 2 |  2.1
Maces & Flails | 3 6 9 11 | 11.8
Stealth        | 1 |  1.2
Throwing       | 2 |  2.1
Invocations    | |  0.2

Action                   |  1- 3 |  4- 6 |  7- 9 | 10-12 | 13-15 || total
-------------------------+-------+-------+-------+-------+-------++-------
Melee: War axe           |   131 |   126 |   204 |       |       ||   461
       Flail             |       |       |    74 |   712 |   182 ||   968
Throw: Javelin           |       |       |       |    30 |       ||    30
       Tomahawk          |       |       |       |    13 |       ||    13
Invok: Heroism           |       |       |       |     1 |       ||     1
  Use: Scroll            |     4 |     4 |     6 |     8 |     3 ||    25
       Potion            |       |       |     1 |     3 |     1 ||     5
  Eat: Ration            |     1 |     1 |     2 |     5 |     1 ||    10
       Chunk             |       |       |     2 |     5 |     3 ||    10
Armor: Scale mail        |    19 |       |       |       |       ||    19
       Chain mail        |    66 |    51 |    85 |       |       ||   202
       Plate armour      |       |       |    87 |   404 |    85 ||   576
Dodge: Dodged            |    35 |    21 |    63 |   172 |    55 ||   346
Block: Shield            |    65 |    63 |   166 |   448 |   106 ||   848
